 Dungeon Crawl Stone Soup version 0.23-a0-694-g178e528 (webtiles) character file.

128370 rgaf the Warrior (level 17, 0/163 HPs)
             Began as a Hill Orc Gladiator on Jan 12, 2019.
             Was the Champion of Fedhas.
             Slain by an entropy weaver (7 damage)
             ... on level 3 of the Spider Nest.
             The game lasted 00:57:32 (41111 turns).

rgaf the Warrior (Hill Orc Gladiator)              Turns: 41111, Time: 00:57:33

Health: 0/163      AC: 11    Str: 22    XL:     17   Next: 3%
Magic:  26/26      EV: 12    Int: 18    God:    Fedhas [******]
Gold:   3017       SH:  0    Dex: 15    Spells: 13/16 levels left

rFire    + . .     SeeInvis +   a - +7 sceptre of Torment {pain, torment}
rCold    + . .     Gourm    +   (no shield)
rNeg     . . .     Faith    .   Q - +3 chain mail {MR+}
rPois    +         Spirit   .   R - +2 hat
rElec    .         Reflect  .   F - scarf {rC+ rF+}
rCorr    .         Harm     .   g - +0 pair of gloves {Dex+3}
MR       ++++.                  Y - +1 pair of boots {run}
Stlth    ..........             Z - amulet "Gergh" {Gourm +Inv rPois}
HPRegen  0.37/turn              X - ring of the Mage {Wiz MR++ Int+3}
MPRegen  0.20/turn              A - ring "Moucuis" {rPois Int+5 SInv}

@: corroded, quick
A: no striking features
a: Fungal Bloom, Sunlight, Evolution, Growth, Reproduction, Rain, Renounce
Religion, Evoke Invisibility


You were on level 3 of the Spider Nest.
You worshipped Fedhas.
Fedhas was exalted by your worship.
You were full.

You visited 5 branches of the dungeon, and saw 27 of its levels.
You also visited: Ossuary, Bailey and Gauntlet.

You collected 3651 gold pieces.
You spent 634 gold pieces at shops.

Inventory:

Hand Weapons
 a - the +7 sceptre of Torment (weapon) {pain, torment}
   (You found it on level 5 of the Dungeon)

   In the hands of one skilled in necromantic magic, it inflicts extra damage on
   living creatures.
 y - a +1 longbow of flaming
 K - a +1 great mace of protection
 O - a +0 eveningstar
 W - a +0 demon whip of venom
Missiles
 d - 4 throwing nets (quivered)
 r - 683 arrows
Armour
 g - a +0 pair of gloves of dexterity (worn)
 F - a scarf of resistance (worn)
 Q - a +3 chain mail of magic resistance (worn)
 R - a +2 hat (worn)
 T - +0 pearl dragon scales
 U - a +0 shield
 Y - a +1 pair of boots of running (worn)
Jewellery
 b - an uncursed ring of protection from cold
 j - the ring "Viffehom" {Fire rN++}
   (You found it on level 4 of the Dungeon)

   [ring of fire]

   It enhances your fire magic.
   It protects you from fire.
   It makes you vulnerable to cold.
   It greatly protects you from negative energy.
 q - a cursed -3 ring of protection {unknown}
 t - an uncursed ring of positive energy
 A - the ring "Moucuis" (right hand) {rPois Int+5 SInv}
   (You took it off a minotaur in a Gauntlet)

   [ring of see invisible]

   It affects your intelligence (+5).
   It protects you from poison.
   It lets you see invisible.
 D - a +2 amulet of reflection
 X - the ring of the Mage (left hand) {Wiz MR++ Int+3}
   (You found it on level 6 of the Lair of Beasts)

   [ring of wizardry]

   It improves your spell success rate.
   It affects your intelligence (+3).
   It affects your resistance to hostile enchantments.
 Z - the amulet "Gergh" (around neck) {Gourm +Inv rPois}
   (You bought it in a shop on level 2 of the Orcish Mines)

   [amulet of the gourmand]

   It allows you to eat raw meat even when not hungry.
   It protects you from poison.
   It lets you turn invisible.
Wands
 x - a wand of paralysis (8)
 z - a wand of flame (11)
 H - a wand of iceblast (31)
 I - a wand of random effects (15)
 N - a wand of polymorph (7)
 S - a wand of acid (2)
 V - a wand of digging (14)
Scrolls
 c - a scroll of holy word
 i - 2 scrolls of immolation
 k - 15 scrolls of teleportation
 m - 8 scrolls of remove curse
 n - 7 scrolls of amnesia
 o - 2 scrolls of identify
 v - 5 scrolls of enchant armour
 w - 2 scrolls of fog
 G - a scroll of silence
 M - 6 scrolls of enchant weapon
Potions
 e - 4 potions of haste
 h - 3 potions of heal wounds
 l - 3 potions of brilliance
 p - 5 potions of agility
 s - 10 potions of curing
 u - a potion of resistance
 B - 3 potions of magic
 C - 2 potions of flight
 E - 6 potions of lignification
 J - 2 potions of ambrosia
 L - a potion of mutation
Comestibles
 f - 44 rations


   Skills:
 + Level 17.9 Fighting
   Level 10.8(15.0) Axes
 + Level 14.5(15.4) Maces & Flails
 - Level 1.7 Throwing
 + Level 17.5 Armour
 - Level 6.0 Dodging
 + Level 2.9 Necromancy
 + Level 12.1 Invocations


You had 13 spell levels left.
You knew the following spells:

 Your Spells              Type           Power        Failure   Level  Hunger
a - Regeneration          Chrm/Necr      #.........   50%         3    ####...

Your spell library contained the following spells:

 Spells                   Type           Power        Failure   Level  Hunger
 Animate Skeleton         Necr           N/A          11%         1    ##.....
 Apportation              Tloc           #.....       32%         1    ##.....
 Confusing Touch          Hex            #.....       32%         1    ##.....
 Infusion                 Chrm           #...         32%         1    ##.....
 Magic Dart               Conj           #...         32%         1    ##.....
 Sandblast                Erth           #.....       32%         1    ##.....
 Summon Small Mammal      Summ           #...         32%         1    ##.....
 Passwall                 Tmut/Erth      #.......     45%         2    ###....
 Poisonous Vapours        Pois/Air       #.....       45%         2    ###....
 Searing Ray              Conj           #.....       45%         2    ###....
 Shroud of Golubria       Chrm/Tloc      #.........   45%         2    ###....
 Song of Slaying          Chrm           #.......     45%         2    ###....
 Conjure Flame            Conj/Fire      #.......     69%         3    ####...
 Dazzling Spray           Conj/Hex       #.....       69%         3    ####...
 Mephitic Cloud           Conj/Pois/Air  #.......     69%         3    ####...
 Spectral Weapon          Hex/Chrm       #.......     69%         3    ####...
 Stone Arrow              Conj/Erth      #.....       69%         3    ####...
 Force Lance              Conj/Tloc      #.......     96%         4    #####..
 Fulminant Prism          Conj/Hex       #.........   96%         4    #####..
 Ice Form                 Ice/Tmut       #.......     96%         4    #####..
 Iskenderun's Mystic Bla  Conj           #.......     96%         4    #####..
 Petrify                  Tmut/Erth      #.......     96%         4    #####..
 Lee's Rapid Deconstruct  Erth           #.........   100%        5    ######.
 Metabolic Englaciation   Hex/Ice        #.........   100%        5    ######.
 Bolt of Cold             Conj/Ice       #.........   100%        6    #######
 Freezing Cloud           Conj/Ice/Air   #.........   100%        6    #######
 Ozocubu's Refrigeration  Ice            #.........   100%        6    #######
 Simulacrum               Ice/Necr       #.........   100%        6    #######
 Malign Gateway           Summ/Tloc      #.........   100%        7    #######
 Monstrous Menagerie      Summ           #.........   100%        7    #######
 Ring of Flames           Chrm/Fire      #.........   100%        7    #######
 Summon Greater Demon     Summ           #.........   100%        7    #######
 Summon Horrible Things   Summ           #.........   100%        8    #######


Dungeon Overview and Level Annotations

Branches:
Dungeon (15/15)            Temple (1/1) D:6            Lair (6/6) D:11
 Shoals (0/4) Lair:2       Spider (3/4) Lair:2        Slime (0/5) Lair:5
    Orc (2/2) D:11            Elf (0/3) Orc:2        Vaults (0/5) D:14
 Depths (0/5) D:15

Altars:
Ashenzari
Cheibriados
Dithmenos
Elyvilon
Fedhas
Gozag
Hepliaklqana
Kikubaaqudgha
Makhleb
Nemelex Xobeh
Okawaru
Qazlal
Ru
Sif Muna
Trog
Uskayaw
Vehumet
Wu Jian
Xom
Yredelemnul
Zin
The Shining One

Shops:
D:9 =   Orc:2 =(!*

Annotations:
D:12 2 runed doors, Maxmaps's ghost, journeyman DsNe
D:15 exclusion: Roxanne, Roxanne
Lair:3 exclusion: ice statue
Spider:3 Louise


Message History

The entropy weaver easily resists.
The redback looks frightened! x4
The tarantella looks frightened!
The entropy weaver gestures wildly while chanting.
The entropic weave corrodes you!
The jumping spider leaps!
Louise begins to sob.
Unknown command.
You feel much better.
The jumping spider leaps! x2
Louise hits you but does no damage. The entropy weaver hits you!
* * * LOW HITPOINT WARNING * * *
The entropy weaver barely misses you. The entropy weaver hits you.
* * * LOW HITPOINT WARNING * * *
The entropy weaver hits you.
* * * LOW HITPOINT WARNING * * *
Louise misses you.
The entropy weaver hits you but does no damage. x2
The entropy weaver hits you.
* * * LOW HITPOINT WARNING * * *
The entropy weaver hits you!
You die...
Fedhas appreciates your contribution to the ecosystem.

.#.###.....
..s#......
.....s.s.
#.......
##.....#
##......
#a.a..####
#..@@....#
......##^..s#
..s.. °...#
#s.. ...##
### ..## .s#
... ...


You could see Louise, 2 entropy weavers, 3 tarantellas and 4 redbacks.

Vanquished Creatures
  Rupert (D:14)
  Gastronok (Lair:2)
  Kirke (Lair:4)
  A fire giant (D:15)
  2 emperor scorpions (Spider:2)
  An ironheart preserver (D:14)
  An entropy weaver (Spider:2)
  Azrael (D:14)
  5 dire elephants (Lair:6)
  A minotaur (Gauntlet)
  Josephine (Lair:4)
  A rakshasa (D:13)
  5 hydras
  An anaconda (Lair:6)
  6 centaur warriors
  15 two-headed ogres
  9 death yaks
  4 ogre magi
  An orc high priest (Orc:1)
  5 spriggan berserkers
  Nergalle (Lair:3)
  A death drake (Gauntlet)
  A wizard (D:14)
  2 unseen horrors
  Pikel (D:4)
  3 orc knights
  An orc sorcerer (Orc:2)
  5 orb spiders
  7 wolf spiders
  3 ugly things
  A manticore (D:14)
  A moth of wrath (Spider:1)
  3 cyclopes
  2 spectral centaurs (Gauntlet)
  4 black mambas
  2 merfolk sirens (Lair:2)
  A torpor snail (Lair:2)
  10 elephants
  11 spiny frogs
  3 kobold demonologists
  A rime drake (Lair:3)
  4 demonic crawlers
  A freezing wraith (D:14)
  A yaktaur (D:15)
  An efreet (D:14)
  5 komodo dragons
  A tengu conjurer (D:14)
  5 polar bears
  3 meliai (Spider:1)
  7 trolls
  6 jumping spiders
  2 merfolk (Lair:2)
  6 hornets
  A queen bee (Spider:1)
  2 dream sheep
  5 slime creatures (D:14)
  30 blink frogs
  15 hippogriffs
  11 flying skulls (Gauntlet)
  A shadow (D:12)
  6 tarantellas
  5 wyverns
  A vampire (D:12)
  A yak (shapeshifter) (D:12)
  56 yaks
  4 basilisks
  7 wraiths
  5 redbacks
  A hog (Lair:4)
  3 fire elementals
  3 hungry ghosts
  A steam dragon (D:11)
  2 wargs (Orc:1)
  10 vampire mosquitoes
  17 water moccasins
  Edmund (D:6)
  3 soldier ants
  2 hell hounds
  9 porcupines
  19 orc warriors
  2 slaves (D:4)
  13 ice beasts
  An eye of draining (D:12)
  8 sky beasts
  A black bear (D:6)
  A necrophage (D:6)
  13 centaurs
  4 phantoms
  11 crocodiles
  35 ogres
  6 big kobolds
  2 elf zombies (Ossuary)
  25 bullfrogs
  A wyvern skeleton (D:14)
  4 scorpions
  2 water moccasin skeletons
  21 killer bees (Spider:1)
  A vampire bat (D:3)
  3 wights (D:8)
  9 electric eels
  3 howler monkeys
  9 crimson imps
  A bullfrog zombie (D:5)
  A centaur zombie (D:7)
  3 bullfrog skeletons
  10 centaur skeletons
  7 hounds
  4 jellies
  33 orc wizards
  2 human zombies (Ossuary)
  14 orc priests
  5 iguanas
  7 hell rats
  15 worker ants
  A killer bee zombie (D:7)
  2 hound zombies (Ossuary)
  4 mummies (Ossuary)
  A hound skeleton (D:6)
  7 gnolls (D:13)
  17 adders
  A river rat (Lair:6)
  8 shadow imps
  A white imp (Lair:3)
  2 adder zombies (Ossuary)
  4 adder skeletons
  3 worms (D:2)
  A dart slug (D:4)
  5 leopard geckos
  89 orcs
  A ball python (D:2)
  4 giant cockroaches
  A gnoll zombie (Ossuary)
  14 goblins
  5 hobgoblins
  13 jackals
  20 kobolds
  9 quokkas
  13 bats
  6 frilled lizards
  A jackal skeleton (D:4)
  A jackal zombie (Ossuary)
  An orc zombie (Ossuary)
  2 rats
  A rat zombie (Ossuary)
  2 butterflies (D:8)
907 creatures vanquished.

Vanquished Creatures (collateral kills)
  A basilisk (Lair:4)
1 creature vanquished.

Vanquished Creatures (others)
  5 oklob plants
  A redback zombie (Gauntlet)
  A meliai zombie (D:15)
  A tarantella (Spider:1)
  2 humans (Lair:4)
  A hog (Lair:4)
  4 wandering mushrooms
  A warg (D:11)
  2 slaves (D:4)
  An orc priest (D:11)
  3 orc wizards
  A howler monkey skeleton (D:11)
  9 orcs
  23 fungi
  31 plants
  610 toadstools
696 creatures vanquished.

Grand Total: 1604 creatures vanquished

Notes
Turn   | Place    | Note
-------+----------+-------------------------------------------
     0 | D:1      | rgaf the Hill Orc Gladiator began the quest for the Orb.
     0 | D:1      | Reached XP level 1. HP: 18/18 MP: 1/1
   146 | D:1      | Reached XP level 2. HP: 22/25 MP: 2/2
   587 | D:2      | Reached skill level 1 in Armour
   701 | D:2      | Reached XP level 3. HP: 24/30 MP: 3/3
   974 | D:2      | Reached skill level 5 in Axes
  1415 | D:2      | Found a sacrificial altar of Ru.
  1659 | D:3      | Found an ancient bone altar of Kikubaaqudgha.
  1667 | D:3      | Reached XP level 4. HP: 34/38 MP: 4/4
  1777 | D:3      | Noticed an ice beast
  2209 | D:3      | Reached XP level 5. HP: 45/45 MP: 5/5
  2473 | D:3      | Killed an ice beast
  2473 | D:3      | Reached XP level 6. HP: 31/52 MP: 6/6
  2792 | D:4      | Got a sparkling lead ring
  2886 | D:3      | Found a burning altar of Makhleb.
  2939 | D:4      | Found a stormy altar of Qazlal.
  3219 | D:4      | Noticed a slave
  3219 | D:4      | Noticed a slave
  3222 | D:4      | Noticed a slave
  3236 | D:4      | Killed a slave
  3242 | D:4      | Noticed Pikel
  3247 | D:4      | Noticed a slave
  3252 | D:4      | Killed a slave
  3269 | D:4      | Killed Pikel
  3269 | D:4      | Reached skill level 5 in Fighting
  3269 | D:4      | Reached XP level 7. HP: 37/62 MP: 7/7
  3269 | D:4      | Reached XP level 8. HP: 41/70 MP: 8/8
  3334 | D:4      | Found a sand-covered staircase.
  3338 | Ossuary  | Entered an ossuary
  3884 | Ossuary  | Reached skill level 5 in Armour
  4236 | D:4      | Identified the ring "Viffehom" {Fire rN++} (You found it on
                  | level 4 of the Dungeon)
  4367 | D:4      | Found a shattered altar of Ashenzari.
  4574 | D:5      | Entered Level 5 of the Dungeon
  4592 | D:5      | Reached skill level 10 in Axes
  4849 | D:5      | Found a deep blue altar of Sif Muna.
  4972 | D:5      | Found the +7 sceptre of Torment {pain, torment}
  5011 | D:5      | Reached XP level 9. HP: 79/79 MP: 9/9
  5031 | D:5      | Reached skill level 1 in Maces & Flails
  5042 | D:5      | Found a stormy altar of Qazlal.
  5598 | D:6      | Found a sparkling altar of Nemelex Xobeh.
  5599 | D:6      | Found a basalt altar of Yredelemnul.
  5625 | D:6      | Found an iron altar of Okawaru.
  5975 | D:6      | Found a white marble altar of Elyvilon.
  5996 | D:6      | Noticed Edmund
  6002 | D:6      | Killed Edmund
  6239 | D:6      | Found a staircase to the Ecumenical Temple.
  6299 | Temple   | Entered the Ecumenical Temple
  6318 | Temple   | Became a worshipper of Fedhas Madash
  6719 | D:6      | Reached skill level 5 in Maces & Flails
  7414 | D:7      | Reached XP level 10. HP: 84/90 MP: 10/10
  8342 | D:8      | Found a glowing silver altar of Zin.
  8371 | D:8      | Found a stormy altar of Qazlal.
  8414 | D:8      | Found a shimmering altar of Xom.
  8743 | D:8      | Reached * piety under Fedhas
  9417 | D:9      | Found Norups's Jewellery Shoppe.
  9574 | D:9      | Noticed a two-headed ogre
  9580 | D:9      | Killed a two-headed ogre
  9580 | D:9      | Reached skill level 10 in Fighting
 10202 | D:9      | Reached XP level 11. HP: 97/100 MP: 11/11
 10269 | D:9      | Reached skill level 10 in Armour
 10338 | D:9      | Found an ornate altar of the Wu Jian Council.
 10338 | D:9      | Found a hide-covered altar of Uskayaw.
 10658 | D:10     | Entered Level 10 of the Dungeon
 11453 | D:11     | Found a staircase to the Lair.
 11453 | D:11     | Noticed an oklob plant
 11530 | D:11     | Reached skill level 5 in Dodging
 11845 | D:11     | Reached ** piety under Fedhas
 11993 | D:11     | Found a staircase to the Orcish Mines.
 12326 | D:11     | Noticed a cyclops
 12335 | D:11     | Killed a cyclops
 12481 | D:12     | Noticed a six-headed hydra
 12487 | D:12     | Killed a six-headed hydra
 12957 | D:12     | Found a large runed door.
 12957 | D:12     | Found a large runed door.
 13036 | D:12     | Noticed a centaur warrior
 13047 | D:12     | Killed a centaur warrior
 13047 | D:12     | Reached XP level 12. HP: 64/111 MP: 12/12
 13049 | D:12     | Reached *** piety under Fedhas
 13527 | D:12     | Noticed a centaur warrior
 13539 | D:12     | Killed a centaur warrior
 13812 | D:12     | Found a blossoming altar of Fedhas.
 14177 | D:12     | Noticed Maxmaps's ghost (journeyman DsNe)
 14377 | Lair:1   | Entered Level 1 of the Lair of Beasts
 16618 | Lair:2   | Noticed a death yak
 16636 | Lair:2   | Killed a death yak
 16636 | Lair:2   | Reached XP level 13. HP: 55/123 MP: 13/13
 16637 | Lair:2   | Reached **** piety under Fedhas
 17250 | Lair:2   | Found a staircase to the Shoals.
 17276 | Lair:2   | Noticed Gastronok
 17708 | Lair:2   | Killed Gastronok
 17708 | Lair:2   | Reached skill level 15 in Fighting
 18453 | Lair:2   | Found a hole to the Spider Nest.
 19064 | Lair:3   | Reached skill level 15 in Armour
 19747 | Lair:3   | Noticed Nergalle
 19758 | Lair:3   | Killed Nergalle
 20436 | Lair:3   | Reached skill level 10 in Maces & Flails
 21220 | Lair:4   | Reached XP level 14. HP: 101/135 MP: 14/14
 21972 | Lair:4   | Reached ***** piety under Fedhas
 22170 | Lair:4   | Noticed Josephine
 22192 | Lair:4   | Killed Josephine
 22357 | Lair:4   | Noticed Kirke
 22378 | Lair:4   | Killed Kirke
 23599 | Lair:5   | Found a staircase to the Slime Pits.
 24817 | Lair:6   | Entered Level 6 of the Lair of Beasts
 26241 | Lair:6   | Reached skill level 1 in Invocations
 26866 | Lair:6   | Noticed a dire elephant
 26866 | Lair:6   | Noticed a dire elephant
 26867 | Lair:6   | Found the ring of the Mage {Wiz MR++ Int+3}
 26879 | Lair:6   | Noticed a dire elephant
 26884 | Lair:6   | Noticed a dire elephant
 26884 | Lair:6   | Noticed a dire elephant
 26893 | Lair:6   | Killed a dire elephant
 26903 | Lair:6   | Killed a dire elephant
 26903 | Lair:6   | Reached XP level 15. HP: 85/141 MP: 17/17
 28027 | Lair:6   | Reached skill level 5 in Invocations
 28430 | Orc:1    | Entered Level 1 of the Orcish Mines
 28671 | Orc:1    | You fall through a shaft!
 28671 | Orc:2    | Entered Level 2 of the Orcish Mines
 28671 | Orc:2    | Found a staircase to the Elven Halls.
 29650 | Orc:1    | Reached ****** piety under Fedhas
 31651 | Orc:2    | Found Doestruab's Jewellery Emporium.
 31652 | Orc:2    | Found Rewamm's Distillery.
 31652 | Orc:2    | Found Famoplas's Assorted Antiques.
 31652 | Orc:2    | Found Uvikk's Weapon Shop.
 31678 | Orc:2    | Bought a scroll of teleportation for 87 gold pieces
 31678 | Orc:2    | Bought a scroll of teleportation for 87 gold pieces
 31681 | Orc:2    | Bought a heavily runed bone amulet for 145 gold pieces
 31681 | Orc:2    | Identified the amulet "Gergh" {Gourm +Inv rPois} (You
                  | bought it in a shop on level 2 of the Orcish Mines)
 31799 | Orc:2    | Bought a potion of heal wounds for 75 gold pieces
 31799 | Orc:2    | Bought a potion of curing for 45 gold pieces
 31799 | Orc:2    | Bought a potion of curing for 45 gold pieces
 31799 | Orc:2    | Bought a potion of haste for 150 gold pieces
 32679 | D:13     | Found a flagged portal.
 32702 | Bailey   | Entered a bailey
 32820 | Bailey   | Found a burning altar of Makhleb.
 33700 | D:14     | Reached XP level 16. HP: 88/152 MP: 21/23
 34015 | D:14     | Found a gate to the Vaults.
 34618 | D:14     | Reached skill level 10 in Invocations
 35418 | D:15     | Entered Level 15 of the Dungeon
 35524 | D:15     | Found a staircase to the Depths.
 35587 | D:15     | Found a gate leading to a gauntlet.
 35600 | Gauntlet | Entered a Gauntlet
 35600 | Gauntlet | Found a transporter.
 35600 | Gauntlet | Found a transporter.
 35620 | Gauntlet | Found a transporter.
 35622 | Gauntlet | Found a transporter.
 35630 | Gauntlet | Found a transporter.
 35651 | Gauntlet | Found a transporter.
 35666 | Gauntlet | Found a transporter.
 35674 | Gauntlet | Found a transporter.
 35680 | Gauntlet | Found a transporter.
 35726 | Gauntlet | Found a transporter.
 35745 | Gauntlet | Found a transporter.
 35760 | Gauntlet | Found a transporter.
 35862 | Gauntlet | Identified a scroll of acquirement
 36140 | Gauntlet | Identified a +1 pair of boots of running (You found it in a
                  | Gauntlet)
 36326 | Gauntlet | Identified the ring "Moucuis" {rPois Int+5 SInv}
 36952 | D:15     | Noticed Roxanne
 37121 | D:15     | Noticed Azrael
 37122 | D:15     | Noticed Rupert
 37215 | D:14     | Killed Azrael
 37322 | D:14     | Killed Rupert
 37818 | D:15     | Found the +8 Wrath of Trog {antimagic, *Rage}
 38041 | D:15     | Learned a level 3 spell: Regeneration
 38174 | Spider:1 | Entered Level 1 of the Spider Nest
 38418 | Spider:1 | Reached skill level 1 in Necromancy
 40646 | Spider:2 | Paralysed by a hornet for 1 turns
 40895 | Spider:3 | Noticed Louise
 40930 | Spider:2 | Reached XP level 17. HP: 103/163 MP: 26/26
 41108 | Spider:3 | HP: 4/163 [redback (12)]
 41111 | Spider:3 | Slain by an entropy weaver

Vault maps used:
D:1:      lightli_arrival_quake
D:2:      nicolae_ru_path_of_blood, minmay_octomino_c4
D:3:      lemuel_upstairs_altar, nicolae_overflow_crystal_walls,
          nrook_mini_vaults, minmay_statues_item, st_stairs_4, roderic_batcave,
          minmay_joined_circles
D:4:      nicolae_qazlal_general_emergency, nicolae_overflow_hidden_temple,
          enter_ossuary_5, first_ration, uniq_pikel
D:5:      lemuel_crystal_altar, basic_altar, minmay_misc_feat_rugged
D:6:      kennysheep_six_static_rooms, elyvilon_altar_5,
          grunt_temple_overflow_open, minmay_temple_entry_gardened_gates,
          uniq_edmund
D:8:      xom_butterflies, kennysheep_mini, basic_altar
D:9:      gammafunk_temple_overflow_elements, serial_shops, shop,
          hangedman_pestilent_swarm, billiards_dpeg
D:11:     dpeg_oklobed_lair, erik_orc_3
D:12:     ebering_ghost_disaster_area, fedhas_altar_1
D:13:     lightli_bailey_entry_fortress
D:14:     skrybe_vaults_entry_preservation, kennysheep_minor_cross, st_stairs_12
D:15:     grunt_enter_depths_giant_problem, gauntlet_entry_generic, hex_medium,
          minmay_guarded_unrand_wrath_of_trog, uniq_roxanne, uniq_azrael,
          uniq_rupert
Temple:   jpeg_temple_island
Lair:1:   disabler_island
Lair:2:   elwin_shoals_entry_stream, spider_nest_entry_web_field,
          infiniplex_staircase_pool, serial_bayou_shore_b, uniq_gastronok
Lair:3:   ice2_lemuel, serial_bayou_shore_a, uniq_nergalle
Lair:4:   lemuel_fruit_tree, infiniplex_staircase_pool_2,
          minmay_lair_oklob_chamber, uniq_josephine, uniq_kirke
Lair:5:   slime_dummy, beast_lair_carwin_5
Lair:6:   due_jungle_book, serial_bayou_pond_b, pond, serial_bayou_shore_b
Spider:1: special_room
Spider:2: spider_trap, guppyfry_hornet_nest
Spider:3: uniq_louise
Orc:2:    st_orc_ogre_mass, nicolae_orc_rockfall
Ossuary:  ossuary_minmay_tomb_2a
Bailey:   bailey_axe_3, bailey
Gauntlet: gammafunk_gauntlet_shortcut

Skill      XL: |  1  2  3  4  5  6  7  8  9 10 11 12 13 14 15 16 |
---------------+-------------------------------------------------+-----
Armour         | 1 2 4 5 7 9 11 13 15 16 17 | 17.5
Fighting       | 3 4 5 7 8 10 11 13 15 16 17 | 17.9
Axes           | 5 6 9 10 | 10.8
Maces & Flails | 6 8 10 14 | 14.5
Dodging        | 6 |  6.0
Invocations    | 3 9 12 | 12.1
Necromancy     | 2 |  2.9
Throwing       | |  1.7

Action                   |  1- 3 |  4- 6 |  7- 9 | 10-12 | 13-15 | 16-18 || total
-------------------------+-------+-------+-------+-------+-------+-------++-------
Melee: War axe           |   101 |   200 |   180 |       |       |       ||   481
       Hand axe          |       |    10 |       |       |       |       ||    10
       Eveningstar       |       |       |   128 |   610 |  1130 |   557 ||  2425
Invok: Fungal Bloom      |       |       |     2 |    41 |    67 |    29 ||   139
       Evolution         |       |       |       |     1 |     3 |       ||     4
Evoke: Wand              |       |       |       |    10 |    29 |    17 ||    56
  Use: Scroll            |       |    11 |     2 |    14 |    13 |     9 ||    49
       Potion            |       |     4 |     2 |     1 |     7 |    15 ||    29
  Eat: Chunk             |     2 |     6 |    13 |    52 |    55 |    27 ||   155
Armor: Leather armour    |     5 |       |       |       |       |       ||     5
       Chain mail        |    79 |   138 |   149 |   378 |   451 |   475 ||  1670
       Skin              |       |     9 |    77 |       |       |       ||    86
       Plate armour      |       |       |       |       |   168 |       ||   168
Dodge: Dodged            |    54 |   117 |   129 |   305 |   623 |   390 ||  1618

Table legend:
 A = Non-vault XP
 B = Vault XP
 C = Vault XP percentage of total XP
 D = Non-vault monster count
 E = Vault monster count
 F = Vault count percentage of total count
                 A         B        C        D         E       F
            +---------+---------+-------+---------+---------+-------
      Total |  118322 |   65065 |  35.5 |     650 |     257 |  28.3
            +---------+---------+-------+---------+---------+-------
        D:1 |      15 |       0 |   0.0 |       9 |       0 |   0.0
        D:2 |      52 |       8 |  13.3 |      18 |       5 |  21.7
        D:3 |      68 |     266 |  79.6 |      10 |      28 |  73.7
        D:4 |     283 |     641 |  69.4 |      23 |       1 |   4.2
        D:5 |    1029 |       0 |   0.0 |      26 |       0 |   0.0
        D:6 |    1033 |     328 |  24.1 |      29 |       6 |  17.1
        D:7 |    1293 |       0 |   0.0 |      19 |       0 |   0.0
        D:8 |    1817 |       0 |   0.0 |      30 |       0 |   0.0
        D:9 |    1514 |     756 |  33.3 |      19 |       7 |  26.9
       D:10 |    1383 |       0 |   0.0 |      19 |       0 |   0.0
       D:11 |    3935 |     205 |   5.0 |      37 |       7 |  15.9
       D:12 |    9127 |       0 |   0.0 |      44 |       0 |   0.0
       D:13 |    8593 |     113 |   1.3 |      41 |      12 |  22.6
       D:14 |    9432 |   10736 |  53.2 |      37 |      18 |  32.7
       D:15 |    2938 |    4848 |  62.3 |      14 |       7 |  33.3
     Lair:1 |    5815 |     358 |   5.8 |      27 |       4 |  12.9
     Lair:2 |    9475 |    3811 |  28.7 |      24 |       5 |  17.2
     Lair:3 |    8466 |    2937 |  25.8 |      35 |      13 |  27.1
     Lair:4 |    7998 |    4593 |  36.5 |      24 |      10 |  29.4
     Lair:5 |    3291 |    1575 |  32.4 |      16 |       8 |  33.3
     Lair:6 |   15592 |    4858 |  23.8 |      42 |      11 |  20.8
   Spider:1 |    9156 |    2496 |  21.4 |      27 |      25 |  48.1
   Spider:2 |    9405 |     845 |   8.2 |      16 |       3 |  15.8
      Orc:1 |    4897 |   11599 |  70.3 |      48 |      26 |  35.1
      Orc:2 |    1715 |    7362 |  81.1 |      16 |      14 |  46.7
    Ossuary |       0 |     398 | 100.0 |       0 |      16 | 100.0
     Bailey |       0 |     883 | 100.0 |       0 |      16 | 100.0
   Gauntlet |       0 |    5449 | 100.0 |       0 |      15 | 100.0
            +---------+---------+-------+---------+---------+-------
